 Dungeon Crawl Stone Soup version 0.31.0-12-g77e489cdc1 (webtiles) character file.

Game seed: 11249307439173095793

714 cdecastro the Trooper (level 7, -1/64 HPs)
             Began as an Armataur Warper on Mar 4, 2024.
             Was a Believer of Uskayaw.
             Slain by a gnoll
             ... wielding a +1 heavy halberd
             ... led by a gnoll bouda
              (18 damage)
             ... on level 5 of the Dungeon.
             The game lasted 00:08:17 (3980 turns).

cdecastro the Trooper (Armataur Warper)             Turns: 3980, Time: 00:08:18

Health: -1/64      AC:  4    Str: 19    XL:     7   Next: 41%
Magic:  9/9        EV:  9    Int: 13    God:    Uskayaw [**....]
Gold:   235        SH:  0    Dex:  9    Spells: 9/9 levels left

rFire   . . .        r - +3 dagger "Dearic Xish" {heavy, ^Contam rN+ Will+}
rCold   . . .        (no shield)
rNeg    + . .        b - +0 leather armour
rPois   .            (no helmet)
rElec   .            (no cloak)
rCorr   .            (no gloves)
SInv    .            (no barding)
Will    +....        (no amulet)
Stlth   +            (no ring)
HPRegen 0.30/turn    (no ring)
MPRegen 0.11/turn

%: roll
@: weakened, studying Ranged Weapons
A: large, deformed body, tough skin 3, armoured tail, roll 2
a: Renounce Religion, Stomp, Line Pass


You were on level 5 of the Dungeon.
You worshipped Uskayaw.
Uskayaw was noncommittal.
You visited 2 branches of the dungeon, and saw 6 of its levels.

You collected 235 gold pieces.

Inventory:

Hand Weapons
 a - a +0 mace
 g - a +0 falchion
 r - the +3 dagger "Dearic Xish" (weapon) {heavy, ^Contam rN+ Will+}
   (You found it on level 3 of the Dungeon)

   rN+:       It protects you from negative energy.
   Will+:     It increases your willpower.
   ^Contam:   It causes magical contamination when unequipped.
Missiles
 d - 6 darts of dispersal
 e - 3 poisoned darts (quivered)
Armour
 b - a +0 leather armour (worn)
 s - a +0 helmet
 u - a +0 helmet
Magical Staves
 t - a staff of earth
Jewellery
 v - a ring of ice
 z - an amulet of reflection
Scrolls
 c - a scroll of blinking
 f - 2 scrolls of enchant armour {unknown}
 h - a scroll of enchant weapon {unknown}
 i - a scroll of revelation {unknown}
 l - 2 scrolls of teleportation {unknown}
 n - a scroll of fog {unknown}
 o - a scroll of identify {unknown}
 q - a scroll of fear {unknown}
 w - a scroll of immolation {unknown}
 y - a scroll of brand weapon {unknown}
Potions
 j - a potion of attraction {unknown}
 k - a potion of haste {unknown}
 m - a potion of mutation {unknown}
 p - a potion of brilliance {unknown}
 x - a potion of enlightenment {unknown}


   Skills:
 - Level 6.8 Fighting
 * Level 0.0 Long Blades
 - Level 3.9 Maces & Flails
 - Level 0.8 Throwing
 - Level 1.2 Armour
 - Level 1.3 Dodging
 - Level 1.7 Spellcasting
 - Level 3.0 Translocations


You had 9 spell levels left.
You didn't know any spells.
Your spell library contained the following spells:

 Spells                   Type           Power      Damage    Failure   Level
 Blink                    Tloc           16%        N/A       14%         2
 Lesser Beckoning         Tloc           16%        N/A       14%         2
 Teleport Other           Tloc           8%         N/A       26%         3
 Sandblast                Erth           2%         2d4       30%         1
 Slow                     Hex            4%         N/A       30%         1
 Cigotuvi's Dreadful Rot  Necr/Alch/Air  2%         N/A       43%         2
 Manifold Assault         Tloc           8%         N/A       65%         4
 Confusing Touch          Hex            1%         N/A       67%         3
 Passwall                 Erth           1%         N/A       67%         3
 Sigil of Binding         Hex            1%         N/A       67%         3
 Stone Arrow              Conj/Erth      2%         3d7       67%         3
 Vampiric Draining        Necr           1%         2d6       67%         3
 Vhi's Electric Charge    Tloc/Air       10%        N/A       86%         4
 Brom's Barrelling Bould  Conj/Erth      1%         2d3       97%         4
 Ignite Poison            Fire/Alch      1%         N/A       97%         4
 Freezing Cloud           Conj/Ice/Air   0%         6-21      100%        5


Dungeon Overview and Level Annotations

Branches:
Dungeon (5/15)             Temple (1/1) D:4

Altars:
Ashenzari
Cheibriados
Dithmenos
Elyvilon
Fedhas
Gozag
Hepliaklqana
Kikubaaqudgha
Makhleb
Nemelex Xobeh
Okawaru
Qazlal
Ru
Trog
Uskayaw
Vehumet
Wu Jian
Xom
Yredelemnul
The Shining One

Annotations:
D:2 1 runed translucent door, Crazy Yiuf
D:4 3 runed translucent doors, Gadfly's ghost, novice GrFi; Tripartite's ghost, amateur FoHu; seawaffle's ghost, amateur GrSh; spaghetti's ghost, amateur NaNe


Innate Abilities, Weirdness & Mutations

Armour fits poorly on your strangely shaped body.
You have extremely tough skin. (AC +3)
You have a long armoured tail.
You regenerate magic and health when rolling toward enemies. (Rampage Regen)


Message History

You are no longer poisoned.
You can no longer pass through a line of other dancers.
Found a stone staircase leading down.
A ribbon worm comes into view.
You puncture the ribbon worm!
The ribbon worm is heavily wounded.
The ribbon worm closely misses you.
The ribbon worm bites you but does no damage.
The gnoll bouda shouts!
You hit the ribbon worm.
Your tail-slap misses the ribbon worm.
The ribbon worm is severely wounded.
You hear a shout! x2
The ribbon worm expels a string of sticky webbing.
The stream of webbing misses you.
You barely miss the ribbon worm. You tail-slap the ribbon worm.
You kill the ribbon worm!
You see here a ribbon worm corpse.
The gnoll bouda barks out a call to the hunt!
You roll towards the gnoll bouda!
You hit the gnoll bouda. You tail-slap the gnoll bouda.
The gnoll bouda is moderately wounded.
The gnoll bouda barely misses you.
You hit the gnoll bouda.
Your tail-slap misses the gnoll bouda.
The gnoll bouda is heavily wounded.
The gnoll bouda hits you with a +0 whip!
* * * LOW HITPOINT WARNING * * *
The gnoll bouda hits you but does no damage.
You can now pass through a line of other dancers.
You hit the gnoll bouda.
The gnoll bouda is heavily wounded.
The gnoll bouda gazes fiercely through you!
You feel your attacks grow feeble.
The gnoll bouda hits you with a +0 whip!
* * * LOW HITPOINT WARNING * * *
You hit the gnoll bouda.
Your tail-slap misses the gnoll bouda.
The gnoll bouda is heavily wounded.
The gnoll bouda hits you with a +0 whip.
* * * LOW HITPOINT WARNING * * *
The gnoll hits you from afar with a +1 heavy halberd!!
You die...

......
......
..... ....
..# ######
#.##......
#..gg..#
###.@#
####...##
##....#†#
#.#######
# #.# .
..#####.#
#~..## #
#.......#
#~#~..># #
##..##..#
#~~~~..###
# #.....##
#~#~.....


You could see a gnoll bouda and a gnoll (swift).

Vanquished Creatures
  Sigmund (D:4)
  2 ogres
  A bullfrog (D:4)
  A howler monkey (D:5)
  A bombardier beetle (D:4)
  A hound (D:5)
  Jessica (D:2)
  An iguana (D:4)
  An orc wizard (D:5)
  Robin (D:4)
  A gnoll (D:4)
  3 adders
  2 ufetubi (D:5)
  2 dart slugs
  2 ribbon worms (D:5)
  3 orcs (D:5)
  4 bats
  10 endoplasms
  3 giant cockroaches
  16 goblins
  5 hobgoblins
  4 kobolds
  4 quokkas
  6 ball pythons
  4 frilled lizards
  8 rats
88 creatures vanquished.

Vanquished Creatures (others)
  An orc wizard (D:5)
1 creature vanquished.

Grand Total: 89 creatures vanquished

Notes
Turn   | Place    | Note
-------+----------+-------------------------------------------
     0 | D:1      | cdecastro the Armataur Warper began the quest for the Orb.
     0 | D:1      | Reached XP level 1. HP: 17/17 MP: 3/3
   170 | D:1      | Reached XP level 2. HP: 19/24 MP: 4/4
   555 | D:2      | Reached XP level 3. HP: 12/29 MP: 5/5
   659 | D:2      | Noticed Jessica
   671 | D:2      | Killed Jessica
   678 | D:2      | Noticed a golden eye
   681 | D:2      | Noticed a glass eye
   689 | D:2      | Found a faded altar of an unknown god.
   691 | D:2      | Noticed a golden eye
   691 | D:2      | Noticed a shining eye
   696 | D:2      | Prayed at the altar of an unknown god.
   696 | D:2      | Became a worshipper of Uskayaw the Reveller
   696 | D:2      | Reached * piety under Uskayaw
   755 | D:2      | Found a sacrificial altar of Ru.
  1013 | D:2      | Reached XP level 4. HP: 36/36 MP: 6/6
  1033 | D:2      | Reached skill level 2 in Fighting
  1166 | D:2      | Found a runed translucent door.
  1167 | D:2      | Noticed Crazy Yiuf
  1744 | D:3      | Identified the +3 dagger "Dearic Xish" {heavy, ^Contam rN+
                  | Will+}
  1887 | D:4      | Noticed Sigmund
  1890 | D:4      | Reached ** piety under Uskayaw
  1894 | D:4      | Killed Sigmund
  1894 | D:4      | Reached *** piety under Uskayaw
  1895 | D:4      | Reached skill level 4 in Fighting
  1895 | D:4      | Reached XP level 5. HP: 37/46 MP: 7/7
  1989 | D:4      | Found a staircase to the Ecumenical Temple.
  2099 | D:4      | Reached XP level 6. HP: 37/53 MP: 8/8
  2244 | D:4      | Reached skill level 5 in Fighting
  2457 | D:4      | HP: 1/56 [ogre/+0 giant club (27)]
  2702 | D:4      | Noticed Robin
  2731 | D:4      | Killed Robin
  2970 | Temple   | Entered the Ecumenical Temple
  2996 | D:4      | Found a blossoming altar of Fedhas.
  3020 | D:4      | Found a runed translucent gate.
  3021 | D:4      | Found a runed translucent gate.
  3021 | D:4      | Found a runed translucent gate.
  3022 | D:4      | Noticed Gadfly's ghost (novice GrFi)
  3022 | D:4      | Noticed spaghetti's ghost (amateur NaNe)
  3022 | D:4      | Noticed seawaffle's ghost (amateur GrSh)
  3022 | D:4      | Noticed Tripartite's ghost (amateur FoHu)
  3481 | D:5      | Entered Level 5 of the Dungeon
  3487 | D:5      | Found an opulent altar of Gozag.
  3518 | D:5      | Reached skill level 6 in Fighting
  3518 | D:5      | Gained mutation: You regenerate magic and health when
                  | rolling toward enemies. (Rampage Regen) [Armataur growth]
  3518 | D:5      | Reached XP level 7. HP: 48/63 MP: 9/9
  3980 | D:5      | Slain by a gnoll

Illustrated notes

Levels and vault maps discovered:
D:1:      sevenhm_arrival_forest_fort_small_4, layout_rooms
D:2:      layout_basic, basic_altar, hellmonk_ecumenical_altar_watching_god,
          uniq_crazy_yiuf_cottage, uniq_jessica
D:3:      layout_rooms, minmay_cut_off
D:4:      layout_basic, kennysheep_mini, minmay_temple_entry_glass,
          gammafunk_ghost_cemetery, hangedman_decor_slide_cut, uniq_robin,
          uniq_sigmund
D:5:      layout_basic, lemuel_doored_altar, lightli_sewer_entry_pipes,
          chequers_serial_rivers_marsh, uniq_ijyb
Temple:   nicolae_temple_bog_church

Skill      XL: |  1  2  3  4  5  6 |
---------------+-------------------+-----
Maces & Flails | 2 3 |  3.9
Fighting       | 4 6 |  6.8
Throwing       | |  0.8
Armour         | |  1.2
Dodging        | |  1.3
Spellcasting   | |  1.7
Translocations | |  3.0

Action                     |  1- 3 |  4- 6 |  7- 9 || total
---------------------------+-------+-------+-------++-------
  Melee: Mace              |    85 |   153 |    49 ||   287
         Tailslap          |    11 |    19 |     6 ||    36
         Unarmed           |       |       |    32 ||    32
         Dagger            |       |       |     7 ||     7
         Punch             |       |       |     2 ||     2
  Throw: Dart              |       |     4 |       ||     4
 Invoke: Stomp             |       |       |     2 ||     2
    Use: Potion            |       |     1 |     2 ||     3
         Scroll            |       |     1 |       ||     1
   Stab: Paralysed         |       |       |     1 ||     1
 Armour: Leather armour    |    57 |    93 |    48 ||   198
         Skin              |       |    13 |    35 ||    48
  Dodge: Dodged            |    49 |    53 |    26 ||   128
